AoeStats
← Wizo_Muc

Arabia

509072758Analyzed
1v1 RM · 8d ago on Sep 25, 2026· 12m 47s· 2 players
Game mode
Random Map
Map size
Tiny (2 player)
Population
200
Speed
Normal
Resources
Standard
Victory
Conquest
Starting age
Dark Age
Ending age
Imperial Age
RankedLock teamsTeams togetherTeam positionsShared explorationLock speedFull tech treeHidden civsTurbo modeCheats
Victory
Defeat
🇩🇪 Mongols · Germany
921
+15
🇨🇿 Ethiopians · Czechia
890
-15
Mc Mefistofel
4:46 Loom
5:05 Loom
8:42 Feudal Age
11:32 Double-Bit Axe
11:47 Horse Collar
Wizo_Muc
6:06 Loom
8:29 Feudal Age
9:00 Double-Bit Axe
12:11 Horse Collar
Connection lost

Rejoining the realm…

Still unreachable

The connection could not be restored.

Session expired

The server has moved on; the page needs a fresh start.